 Dungeon Crawl Stone Soup version 0.30-a0-972-gf3ab3527aa (webtiles) character file.

Game seed: 17279993244463097592

1692968 PaperRat the Archmage (level 27, 231/231 HPs)
             Began as a Barachi Air Elementalist on Mar 31, 2023.
             Was the Champion of Vehumet.
             Escaped with the Orb
             ... and 3 runes on Apr 1, 2023!
             The game lasted 05:50:06 (69648 turns).

PaperRat the Archmage (Barachi Air Elementalist)   Turns: 69648, Time: 05:50:06

Health: 231/231    AC: 18    Str:  6    XL:     27
Magic:  60/63      EV: 21    Int: 28    God:    Vehumet [******]
Gold:   3361       SH: 21    Dex: 16    Spells: 14/80 levels left

rFire   + + .      SeeInvis +    f - staff of air "Qegapt" {rElec rC+ rN++}
rCold   + + .      Faith    .    r - +4 kite shield {rC+ rF+}
rNeg    + + .      Spirit   .    N - +3 robe of the Storm King {Will++ Str-5 Int+2}
rPois   +          Reflect  .    J - +0 mask of the Dragon {Will+ Slay+3 SInv}
rElec   +          Rampage  .    I - +2 cloak {rPois}
rCorr   +                        W - +2 pair of gloves
Will    +++++                    k - +2 pair of boots
Stlth   ++                       H - amulet "Hiaposhogu" {RegenMP Drain Fly rCorr}
HPRegen 0.58/turn                D - ring of Liosiuz {rElec rF+ MP+9 Int+3, =R}
MPRegen 0.78/turn                S - ring of the Octopus King {Wiz HP+2 AC+2 EV+2 SH+2}

@: flying, studying 5 skills, slow
A: amphibious, slowness 1, strong legs 2, +LOS, dopey 1, sense surroundings 1,
poison resistance
0: Orb of Zot
}: 3/15 runes: serpentine, barnacled, slimy
a: Hop, Renounce Religion


You escaped.
You worshipped Vehumet.
Vehumet was exalted by your worship.
You visited 11 branches of the dungeon, and saw 52 of its levels.
You also visited: Ossuary, Bailey, Gauntlet, Ice Cave and Desolation.

You collected 9071 gold pieces.
You spent 5710 gold pieces at shops.

Inventory:

Hand Weapons
 a - a +9 rapier of electrocution
Missiles
 h - 9 throwing nets {!f}
Armour
 k - a +2 pair of boots (worn)
 m - the +4 dragonskin cloak
   (You took it off Tiamat on level 4 of the Realm of Zot)

   Avatar's Aegis: It grants the wearer a chance to resist fire, cold, poison,
   electricity, acid, and negative energy.
 r - a +4 kite shield of resistance (worn)
 I - a +2 cloak of poison resistance (worn)
 J - the +0 mask of the Dragon (worn) {Will+ Slay+3 SInv}
   (You found it on level 3 of the Vaults)

   Slay:      It affects your accuracy & damage with ranged weapons and melee
   (+3).
   SInv:      It lets you see invisible.
   Will:      It increases your willpower.
 N - the +3 robe of the Storm King (worn) {Will++ Str-5 Int+2}
   (You found it in the Desolation of Salt)

   Str:       It affects your strength (-5).
   Int:       It affects your intelligence (+2).
   Will:      It greatly increases your willpower.
 W - a +2 pair of gloves (worn)
Magical Staves
 f - the staff of air "Qegapt" (weapon) {rElec rC+ rN++}
   (You found it on level 5 of the Pits of Slime)

   [staff of air]

   Base accuracy: +5 Base damage: 5 Base attack delay: 1.2 This weapon's minimum
   attack delay (0.6) is reached at skill level 12.
   rC:        It protects you from cold.
   rElec:     It insulates you from electricity.
   rN:        It greatly protects you from negative energy.
   It falls into the 'Staves' category.
   It is a one-handed weapon.
Jewellery
 A - a +6 ring of strength
 D - the ring of Liosiuz (left hand) {rElec rF+ MP+9 Int+3, =R}
   (You bought it in a shop on level 2 of the Orcish Mines)

   [ring of magical power]

   Int:       It affects your intelligence (+3).
   rF:        It protects you from fire.
   rElec:     It insulates you from electricity.
   MP:        It affects your magic capacity (+9).
 H - the amulet "Hiaposhogu" (around neck) {RegenMP Drain Fly rCorr}
   (You bought it in a shop on level 2 of the Orcish Mines)

   [amulet of magic regeneration]

   It increases your rate of magic regeneration.
   Fly:       It grants you flight.
   rCorr:     It protects you from acid and corrosion.
   Drain:     It drains your maximum health when unequipped.
 S - a ring of the Octopus King (right hand) {Wiz HP+2 AC+2 EV+2 SH+2}
   (You found it in a Gauntlet)

   [ring of wizardry]

   It improves your spell success rate.
   AC:        It affects your AC (+2).
   EV:        It affects your evasion (+2).
   HP:        It affects your health (+2).
   SH:        It affects your SH (+2).
 Y - a ring of protection from fire
Wands
 b - a wand of iceblast (26)
 c - a wand of light (22)
 d - a wand of digging (5)
 n - a wand of charming (26)
 z - a wand of mindburst (24) (quivered)
Scrolls
 g - 10 scrolls of fog {@r2}
 l - 6 scrolls of poison
 q - 13 scrolls of teleportation {@r3}
 u - 12 scrolls of fear {@r4}
 v - 4 scrolls of amnesia
 C - 5 scrolls of vulnerability
 E - 13 scrolls of blinking {@r5}
 T - 2 scrolls of summoning
 X - 7 scrolls of immolation
Potions
 i - 4 potions of lignification
 j - 3 potions of ambrosia
 o - a potion of cancellation
 t - 6 potions of resistance
 x - 9 potions of invisibility
 F - 13 potions of heal wounds {@q2}
 K - 7 potions of haste {@q4}
 M - 6 potions of mutation {@q6}
 O - 4 potions of brilliance {@q5}
 Q - 5 potions of magic
 U - 22 potions of curing {@q1}
Miscellaneous
 e - a lightning rod (4/4)
 p - a condenser vane
 s - a tin of tremorstones (2/2)
 G - a box of beasts
 P - a phial of floods
 V - a phantom mirror


   Skills:
 + Level 21.4 Fighting
 - Level 4.0 Short Blades
 - Level 12.0 Armour
 + Level 13.4 Dodging
 + Level 10.7 Stealth
 + Level 18.2 Shields
 O Level 27 Spellcasting
 - Level 20.0 Conjurations
 - Level 3.0 Hexes
 - Level 8.0 Summonings
 - Level 10.0 Transmutations
 - Level 16.0 Ice Magic
 - Level 22.0 Air Magic
 - Level 6.0 Earth Magic
 + Level 12.6 Evocations


You had 14 spell levels left.
You knew the following spells:

 Your Spells              Type           Power      Damage    Failure   Level
a - Airstrike             Air            63%        2d(10-26) 0%          4
b - Maxwell's Capacitive  Air            63%        ∞         1%          8
c - Summon Lightning Spi  Summ/Air       100%       N/A       0%          4
d - Yara's Violent Unrav  Hex/Tmut       32%        3d13      1%          5
e - Irradiate             Conj/Tmut      44%        3d26      1%          5
f - Lee's Rapid Deconstr  Erth           31%        3d16*     1%          5
g - Passwall              Tmut/Erth      58%        N/A       1%          2
h - Polar Vortex          Ice            45%        N/A       16%         9
i - Chain Lightning       Conj/Air       62%        3d83      2%          9
q - Iskenderun's Mystic   Conj/Tloc      76%        2d15      1%          4
s - Ozocubu's Refrigerat  Ice            45%        4d17      1%          7
x - Fulminant Prism       Conj/Hex       40%        3d19      1%          4

Your spell library contained the following spells:

 Spells                   Type           Power      Damage    Failure   Level
 Shatter                  Erth           31%        3d26*     99%         9
 Foxfire                  Conj/Fire      100%       2x1d6     0%          1
 Kiss of Death            Conj/Necr      100%       2d13      0%          1
 Magic Dart               Conj           100%       1d8       0%          1
 Shock                    Conj/Air       100%       1d9       0%          1
 Poisonous Vapours        Pois/Air       100%       N/A       0%          2
 Searing Ray              Conj           100%       2d8       0%          2
 Static Discharge         Conj/Air       100%       2-7/arc   0%          2
 Hailstorm                Conj/Ice       95%        3d19      0%          3
 Mephitic Cloud           Conj/Pois/Air  100%       N/A       0%          3
 Ozocubu's Armour         Ice            91%        N/A       0%          3
 Stone Arrow              Conj/Erth      100%       3d13      0%          3
 Swiftness                Air            100%       N/A       0%          3
 Freezing Cloud           Conj/Ice/Air   60%        6-21      0%          5
 Iskenderun's Battlesphe  Conj           99%        2d15      0%          5
 Apportation              Tloc           74%        N/A       1%          1
 Necrotise                Necr           100%       1d9       1%          1
 Sandblast                Erth           100%       2d20      1%          1
 Slow                     Hex            100%       N/A       1%          1
 Summon Small Mammal      Summ           100%       N/A       1%          1
 Cigotuvi's Dreadful Rot  Necr/Pois/Air  100%       N/A       1%          2
 Momentum Strike          Conj/Tloc      100%       3d10      1%          2
 Scorch                   Fire           74%        2d8       1%          2
 Sublimation of Blood     Necr           37%        N/A       1%          2
 Wereblood                Tmut           76%        N/A       1%          2
 Call Canine Familiar     Summ           70%        N/A       1%          3
 Confusing Touch          Hex            53%        N/A       1%          3
 Dazzling Flash           Conj/Hex       100%       N/A       1%          3
 Gell's Gravitas          Tloc           37%        N/A       1%          3
 Ignite Poison            Fire/Tmut/Pois 54%        N/A       1%          3
 Inner Flame              Hex/Fire       46%        N/A       1%          3
 Summon Guardian Golem    Hex/Summ       62%        N/A       1%          3
 Teleport Other           Tloc           37%        N/A       1%          3
 Tukima's Dance           Hex            53%        N/A       1%          3
 Vampiric Draining        Necr           37%        2d8       1%          3
 Vhi's Electric Charge    Tloc/Air       100%       N/A       1%          3
 Cause Fear               Hex            26%        N/A       1%          4
 Flame Wave               Conj/Fire      76%        2d17      1%          4
 Ice Form                 Ice/Tmut       84%        N/A       1%          4
 Olgreb's Toxic Radiance  Pois           37%        N/A       1%          4
 Petrify                  Tmut/Erth      70%        N/A       1%          4
 Sticky Flame             Conj/Fire      76%        2d9       1%          4
 Alistair's Intoxication  Tmut/Pois      40%        N/A       1%          5
 Blade Hands              Tmut           38%        N/A       1%          5
 Fireball                 Conj/Fire      38%        3d16      1%          5
 Metabolic Englaciation   Hex/Ice        37%        N/A       1%          5
 Plasma Beam              Fire/Air       49%        2x1d46    1%          5
 Conjure Ball Lightning   Conj/Air       62%        3x3d22    1%          6
 Starburst                Conj/Fire      38%        6d11      1%          6
 Orb of Destruction       Conj           49%        9d13      1%          7
 Storm Form               Tmut/Air       56%        N/A       1%          7
 Simulacrum               Ice/Necr       35%        N/A       2%          6
 Statue Form              Tmut/Erth      46%        N/A       2%          6
 Summon Cactus Giant      Summ           35%        N/A       2%          6
 Dispel Undead            Necr           37%        3d15      4%          4
 Passage of Golubria      Tloc           37%        N/A       4%          4
 Dragon Form              Tmut           38%        N/A       6%          7
 Agony                    Necr           37%        N/A       12%         5
 Summon Hydra             Summ           35%        N/A       13%         7
 Death Channel            Necr           18%        N/A       52%         6
 Dispersal                Tloc           18%        N/A       52%         6
 Fire Storm               Conj/Fire      38%        8d10      78%         9
 Ignition                 Fire           18%        3d7       99%         8
 Borgnjor's Revivificati  Necr           18%        N/A       100%        8
 Discord                  Hex            26%        N/A       100%        8
 Death's Door             Necr           18%        N/A       100%        9
 Dragon's Call            Summ           35%        N/A       100%        9


Dungeon Overview and Level Annotations

Branches:
Dungeon (15/15)            Temple (1/1) D:7            Lair (5/5) D:10
 Shoals (4/4) Lair:3        Snake (4/4) Lair:3        Slime (5/5) Lair:5
    Orc (2/2) D:12            Elf (3/3) Orc:2        Vaults (4/5) D:13
  Crypt (0/3) Vaults:2     Depths (4/4) D:15            Zot (5/5) Depths:4
Ossuary (visited)          Bailey (visited)           IceCv (visited)
Desolation (visited)      Gauntlet (visited)

Altars:
Elyvilon
Gozag
Kikubaaqudgha
Makhleb
Okawaru
Qazlal
Sif Muna
Vehumet
Yredelemnul

Shops:
D:13 =   D:14 (:   Orc:2 [(:(=*   Shoals:2 [   Snake:3 *   Vaults:1 [
Vaults:2 :(?   Depths:1 =:=   Depths:2 :(:   Depths:4 [

Portals:
Hell: Depths:1 Depths:2 Depths:3 Depths:4
Abyss: Zot:4 Depths:2
Pandemonium: Depths:2 Depths:3
Ziggurat: Depths:1


Innate Abilities, Weirdness & Mutations

You are amphibious.
You cover ground slowly.
You can hop long distances.
You have an extended range of vision and can be seen from far away.
You are dopey. (Int -2)
You passively map a small area around you.
Your system is resistant to poisons. (rPois)


Message History

There is a fountain of sparkling water here.
There is a stone staircase leading up here.
You fly upwards.
There is a stone staircase leading down here.
There is a stone staircase leading down here.
You see here a +0 club.
You see here a +0 club.
There is a stone staircase leading up here.
You fly upwards.
There is a stone staircase leading down here.
You see here a +0 spear.
There is a stone staircase leading up here.
You fly upwards.
There is a stone staircase leading down here.
There is an open door here.
There is an empty arch of ancient stone here.
A hell beast comes into view.
Casting: Maxwell's Capacitive Coupling (mildly dangerous; 1% risk of failure)
Confirm with . or Enter, or press ? or * to list all spells.
You feel a surge of power!
You begin accumulating electric charge. (Press . to continue charging.)
You feel charge building up...
You feel charge building up...
You feel charge building up...
You feel charge building up... You block the hell beast's attack. x2
The electricity discharges through the hell beast!
The hell beast vaporises in an electric haze!
You kill the hell beast!
Vehumet accepts your kill.
(D) Dungeon (T) Temple (L) Lair (A) Shoals (P) Snake Pit (M) Slime Pits (O) Orcish Mines (E) Elven Halls (V) Vaults (C) Crypt (U) Depths (H) Hell (Z) Zot
Where to? (Enter - D:1 @ (x,y), ? - help) Magic restored.
There is a staircase leading out of the dungeon here.
Casting: Maxwell's Capacitive Coupling (mildly dangerous; 1% risk of failure)
Confirm with . or Enter, or press ? or * to list all spells.
You feel a surge of power!
An electric hum fills the air.
You have escaped!

≈~......#...####...............♣#
≈~..#.......##.∩................#
≈~#.........##∩#...............##
≈..........##.....♣.....⌠......##
≈~..#......#♣................#∩#.
~...#..#...#♣..............♣###..
≈.#####....##..............# ###
≈...........#~8............#
≈.........>.###.@......♣..♣#
≈~###.......# ##...........#
≈~###.####### ##..♣....♣.##
...##.# ########### ≈~....#
≈..####### ≈........# ≈.##..##.#
≈~##..##.#


You could see a friendly lightning spire (summoned).

Vanquished Creatures
  the Royal Jelly (Slime:5)
  The ghost of Joddies the Ruinous, a legendary TeRe of Vehumet (Zot:3)
  A dread lich (Zot:4)
  Tiamat (Zot:4)
  6 ancient liches
  A pandemonium lord (D:10)
  4 orbs of fire
  2 juggernauts
  Vv (Zot:2)
  Bai Suzhen (Snake:3)
  The ghost of emiel the Slayer, a veteran MiAr of Ru (Zot:4)
  3 curse toes
  6 Killer Klowns
  Margery (Vaults:4)
  The ghost of Uhurudgh the Gelid, a veteran DgEE (Vaults:4)
  3 caustic shrikes
  Nikola (Snake:2)
  The ghost of Ciq Qara the Pyromancer, a veteran GrEE of Sif Muna (Vaults:4)
  13 golden dragons
  3 electric golems
  2 doom hounds (Zot:1)
  3 Tzitzimimeh
  18 tentacled monstrosities
  A walking earthen tome (Depths:3)
  31 Orb Guardians
  A titan (Depths:3)
  A walking divine tome (Depths:3)
  4 liches
  9 quicksilver dragons
  4 death cobs (Zot:5)
  3 deep elf blademasters
  Grunn (Zot:1)
  An acid blob (shapeshifter) (Depths:4)
  2 deep elf master archers (Elf:3)
  A tentacled starspawn (Zot:4)
  An ancient champion (Vaults:2)
  A walking frostbound tome (Depths:4)
  A kraken (Shoals:4)
  19 acid blobs
  5 Executioners
  6 sphinxes
  5 shadow dragons
  Donald (Snake:3)
  A tengu reaver (Depths:1)
  A revenant (Vaults:2)
  Roxanne (Elf:3)
  10 azure jellies
  11 storm dragons
  4 fire giants
  An azure jelly (shapeshifter) (Depths:3)
  A ghost moth (Zot:4)
  16 nagarajas (Snake:4)
  11 rockslimes
  8 draconian monks
  9 draconian scorchers
  An imperial myrmidon (Desolation)
  3 iron dragons
  12 draconian knights
  An emperor scorpion (shapeshifter) (Zot:4)
  12 vault wardens
  6 deep elf sorcerers (Elf:3)
  3 frost giants (Depths:3)
  Aizul (Snake:3)
  A ghost moth (shapeshifter) (Depths:3)
  3 balrugs
  6 draconian stormcallers
  30 very ugly things
  3 cacodemons
  9 draconian annihilators
  10 draconian shifters
  An orc warlord (Vaults:1)
  3 deep elf elementalists (Elf:3)
  14 ironbound preservers
  5 quicksilver oozes
  12 stone giants
  5 ironbound thunderhulks
  A quicksilver ooze (shapeshifter) (Gauntlet)
  2 spriggan defenders (Depths:3)
  10 green draconians
  5 vampire knights
  14 black draconians
  4 deep elf annihilators (Elf:3)
  12 deep elf demonologists
  A demonspawn black sun (Depths:3)
  7 dire elephants
  Azrael (Orc:2)
  17 white draconians
  16 purple draconians
  14 yellow draconians
  3 halazid warlocks (Desolation)
  2 minotaurs
  A lorocyproca (Depths:3)
  20 red draconians
  Snorg (Orc:2)
  A spark wasp (Depths:3)
  7 deep elf death magi (Elf:3)
  9 ettins
  8 yaktaur captains
  4 merfolk javelineers
  2 crystal guardians
  7 great orbs of eyes
  6 ragged hierophants (Desolation)
  A deep elf high priest (Elf:3)
  9 fire dragons
  The ghost of steamdo11 the Spry, a journeyman FeSu of Gozag (Snake:3)
  6 merfolk impalers
  3 vault guards
  4 rakshasas
  5 peacekeepers (Desolation)
  2 entropy weavers
  A catoblepas (D:14)
  2 hydras
  14 ice dragons
  7 ironbound frosthearts
  3 servants of whispers (Desolation)
  4 hell beasts
  6 spriggan air magi
  2 alligator snapping turtles
  4 salamander tyrants (Snake:4)
  2 merfolk avatars (Shoals:1)
  4 merfolk aquamancers
  7 boulder beetles
  11 anacondas
  23 dancing weapons
  13 centaur warriors
  10 satyrs (Shoals:4)
  8 deep troll earth magi
  3 spectral draconians (Zot:3)
  7 two-headed ogres
  4 tengu warriors
  9 death yaks
  6 deep troll shamans
  A death scarab (Gauntlet)
  2 vampire magi
  16 naga warriors
  13 naga sharpshooters
  An orc high priest (Orc:2)
  2 soul eaters (Depths:3)
  6 spriggan berserkers
  9 sun demons
  29 deep elf knights
  8 hell knights
  5 shock serpents
  A spectral yellow draconian (Zot:3)
  A fire crab (shapeshifter) (Depths:2)
  2 sixfirhies (Zot:1)
  2 sun moths (Shoals:3)
  9 iron trolls
  3 skeletal warriors
  3 salamander mystics
  A spectral ghost moth (Zot:3)
  A spectral green draconian (Zot:3)
  An orb spider (shapeshifter) (Depths:3)
  7 glowing orange brains
  21 sea snakes
  19 deep elf archers
  41 deep trolls
  2 shadow demons
  6 skysharks
  14 wizards
  7 naga ritualists
  A glowing orange brain (shapeshifter) (Elf:1)
  27 deep elf pyromancers
  14 lindwurms
  2 obsidian statues
  2 orange crystal statues
  11 ironbound convokers
  31 deep elf zephyrmancers
  5 necromancers
  5 phantasmal warriors
  4 fauns
  13 orc knights
  21 harpies
  8 mana vipers
  23 manticores
  40 ugly things
  8 orc sorcerers
  4 shining eyes
  A stone giant zombie (Vaults:2)
  A spectral centaur (D:11)
  13 cyclopes
  A spectral boulder beetle (Gauntlet)
  32 moths of wrath
  19 salamanders
  A toenail golem (Depths:3)
  6 merfolk sirens
  26 vault sentinels
  9 guardian serpents
  26 black mambas
  21 naga magi
  8 elephants
  2 water nymphs
  2 orange demons
  8 cane toads
  A gargoyle (D:9)
  3 torpor snails (Lair:5)
  An apocalypse crab (Zot:4)
  A smoke demon (Depths:2)
  A cane toad (shapeshifter) (D:14)
  2 eyes of devastation
  3 centaur skeletons
  2 freezing wraiths
  An unseen horror (D:13)
  A hellion (D:12)
  A minotaur zombie (Gauntlet)
  2 rime drakes
  4 tengu conjurers
  A tormentor (Zot:5)
  45 yaktaurs
  17 merfolk
  2 komodo dragons
  3 spectral moths of wrath (Zot:3)
  5 red devils
  3 meliai (D:13)
  7 trolls
  A hellwing (Depths:4)
  7 polar bears (Lair:5)
  A raiju (shapeshifter) (D:15)
  3 blink frogs
  4 tyrant leeches
  43 saltlings
  6 hornets
  7 wind drakes
  A meliai zombie (D:11)
  10 dream sheep
  5 snapping turtles
  Sigmund (D:3)
  8 flying skulls (D:11)
  2 spectral black mambas (D:11)
  111 slime creatures
  5 spriggans
  A centaur simulacrum (D:11)
  18 water elementals
  A spriggan (shapeshifter) (Elf:1)
  5 shadows
  4 air elementals
  6 wraiths
  5 wyverns
  4 vampires
  4 fire elementals
  23 yaks
  2 basilisks (shapeshifter)
  A human (Lair:3)
  A golden eye (shapeshifter) (D:14)
  9 golden eyes
  4 steam dragons
  5 basilisks
  A neqoxec (D:15)
  A hog (shapeshifter) (Depths:3)
  4 redbacks
  5 vampire mosquitoes
  A yaktaur simulacrum (Vaults:2)
  A yellow draconian simulacrum (Zot:3)
  4 swamp worms (Gauntlet)
  A warg (shapeshifter) (D:13)
  The ghost of t4s4d4r the Cudgeller, an amateur GrFi (D:3)
  A swamp worm (shapeshifter) (Zot:4)
  8 water moccasins
  A large abomination (Depths:4)
  16 wargs
  4 acid dragons
  49 nagas
  20 hell hounds
  3 moth of wrath simulacra (Zot:3)
  A glowing shapeshifter skeleton (Vaults:2)
  A swamp drake (D:12)
  4 floating eyes
  2 ice beasts
  19 orc warriors
  3 sky beasts
  The ghost of Sermion the Trooper, an amateur HOFi (D:4)
  6 ogres
  8 black bears (Lair:5)
  2 black mamba simulacra (D:11)
  13 wolves
  12 centaurs
  An ogre (shapeshifter) (Zot:4)
  The ghost of vishdafish the Conjurer, an amateur DsCj (D:3)
  5 elf zombies (Ossuary)
  6 bullfrogs
  2 kobold brigands (D:8)
  A glowing shapeshifter simulacrum (Vaults:1)
  9 scorpions
  An earth elemental (Elf:1)
  2 gnoll sergeants
  6 wights
  A hornet simulacrum (D:15)
  10 killer bees
  5 howler monkeys
  6 electric eels
  2 lava snakes (Lair:3)
  5 centaur zombies
  4 human zombies (Ossuary)
  2 gnoll boudas
  3 hounds
  A jelly (D:6)
  17 orc priests
  4 iguanas
  20 orc wizards
  A hell rat (D:11)
  A boggart skeleton (D:15)
  3 mummies (Ossuary)
  25 gnolls
  6 adders
  7 white imps
  A howler monkey simulacrum (D:11)
  An ufetubus (D:6)
  4 dart slugs
  59 orcs
  5 ball pythons
  6 endoplasms
  7 giant cockroaches
  3 goblins
  11 hobgoblins
  9 jackals
  17 kobolds
  3 training dummies (D:14)
  5 bats
  3 frilled lizards
  3 rats
  23 pillars of salt (Orc:2)
2296 creatures vanquished.

Vanquished Creatures (collateral kills)
  A caustic shrike (Depths:4)
  Rupert (Lair:3)
  3 very ugly things (Depths:4)
  A dire elephant (Lair:5)
  A halazid warlock (Desolation)
  2 ragged hierophants (Desolation)
  A hydra (Lair:5)
  The ghost of hackum the Skirmisher, a journeyman FoGl of Okawaru (D:9)
  A two-headed ogre (Bailey)
  A boulder beetle (D:12)
  2 death yaks
  A tengu warrior (D:9)
  4 skeletal warriors (D:12)
  A deep troll (Depths:4)
  A deep elf archer (Elf:2)
  3 deep elf pyromancers (Elf:2)
  An orc knight (Orc:1)
  A lindwurm (Lair:5)
  A deep elf zephyrmancer (Elf:1)
  A harpy (Lair:3)
  A manticore (Shoals:4)
  A spectral boulder beetle (D:11)
  2 ugly things (Depths:4)
  A cyclops (D:12)
  A spectral centaur (D:11)
  5 elephants
  A centaur zombie (D:11)
  2 black mambas
  2 torpor snails (Lair:5)
  3 cane toads
  A centaur skeleton (D:11)
  A minotaur zombie (Gauntlet)
  2 rime drakes
  3 komodo dragons
  A spectral naga (Snake:2)
  A red devil (D:12)
  3 polar bears (Lair:5)
  A wind drake (Shoals:4)
  4 hornets (Lair:5)
  4 trolls
  A troll (shapeshifter) (Elf:2)
  4 blink frogs (Lair:3)
  4 dream sheep (Lair:5)
  A saltling (Desolation)
  A slime creature (D:15)
  3 flying skulls (D:11)
  A shadow (D:11)
  A wraith (D:11)
  A water elemental (D:11)
  24 yaks
  A wyvern (D:10)
  A vampire mosquito (D:11)
  A basilisk (D:11)
  2 wargs (Lair:5)
  A naga (Snake:3)
  2 water moccasins
  2 hell hounds (Lair:5)
  5 black bears
  An orc warrior (D:12)
  An ogre (Orc:1)
  2 wolves
  3 centaurs
  4 bullfrogs
  A gnoll sergeant (D:10)
  3 killer bees (D:10)
  A howler monkey (D:10)
  An orc wizard (D:11)
  2 hell rats (D:11)
  A spriggan simulacrum (IceCv)
  9 white imps
  6 orcs
160 creatures vanquished.

Vanquished Creatures (others)
  A harpy (Lair:3)
  An orc knight (Vaults:1)
  A deep elf pyromancer (Elf:1)
  A minotaur zombie (Gauntlet)
  A saltling (Orc:2)
  A vampire mosquito (D:11)
  A yak (Lair:5)
  11 fulminant prisms
  37 fungi
  8 pillars of salt (Orc:2)
  188 plants
  4 withered plants (D:3)
255 creatures vanquished.

Grand Total: 2711 creatures vanquished

Notes
Turn   | Place    | Note
-------+----------+-------------------------------------------
     0 | D:1      | PaperRat the Barachi Air Elementalist began the quest for
                  | the Orb.
     0 | D:1      | Reached XP level 1. HP: 13/13 MP: 3/3
   273 | D:1      | Reached skill level 1 in Fighting
   412 | D:1      | Reached XP level 2. HP: 21/21 MP: 0/5
   415 | D:1      | Learned a level 2 spell: Static Discharge
  1074 | D:1      | Reached XP level 3. HP: 23/27 MP: 1/6
  3073 | D:3      | Found a radiant altar of Vehumet.
  3147 | D:3      | Became a worshipper of Vehumet
  3457 | D:3      | Found an opulent altar of Gozag.
  3510 | D:3      | Noticed Sigmund
  3531 | D:3      | Reached XP level 4. HP: 33/33 MP: 3/7
  3536 | D:3      | Learned a level 4 spell: Airstrike
  5301 | D:3      | Reached XP level 5. HP: 40/40 MP: 1/8
  5722 | D:3      | Found a runed translucent gate.
  5722 | D:3      | Found a runed translucent gate.
  5723 | D:3      | Found a runed translucent gate.
  5787 | D:3      | Noticed Sermion's ghost (amateur HOFi)
  5788 | D:3      | Noticed vishdafish's ghost (amateur DsCj)
  5788 | D:3      | Noticed t4s4d4r's ghost (amateur GrFi)
  5858 | D:4      | Noticed a centaur
  5874 | D:4      | Killed a centaur
  5875 | D:4      | Reached skill level 5 in Air Magic
  5875 | D:4      | Reached XP level 6. HP: 22/47 MP: 4/9
  6905 | D:5      | Entered Level 5 of the Dungeon
  6992 | D:5      | Found a stormy altar of Qazlal.
  7015 | D:5      | Found a burning altar of Makhleb.
  7065 | D:5      | Reached skill level 1 in Armour
  7066 | D:5      | Reached * piety under Vehumet
  7066 | D:5      | Offered knowledge of Sandblast by Vehumet.
  7095 | D:5      | Learned a level 1 spell: Sandblast
  7311 | D:5      | Reached XP level 7. HP: 49/52 MP: 6/11
  7379 | D:5      | Reached skill level 3 in Spellcasting
  7555 | D:5      | Found an ancient bone altar of Kikubaaqudgha.
  7712 | D:5      | Found a runed translucent door.
  7714 | D:5      | Found a runed translucent door.
  7766 | D:3      | Killed Sigmund
  7767 | D:3      | Reached skill level 1 in Earth Magic
  7907 | D:4      | Killed Sermion's ghost
  7985 | D:3      | Killed vishdafish's ghost
  7986 | D:3      | Reached XP level 8. HP: 60/60 MP: 7/12
  8172 | D:3      | Killed t4s4d4r's ghost
  8234 | D:3      | Identified the +2 leather armour "Ymeme" {Fly rElec Str-4
                  | Dex+8}
  8425 | D:5      | Reached skill level 1 in Short Blades
  8606 | D:6      | Offered knowledge of Freeze by Vehumet.
  8607 | D:6      | Reached ** piety under Vehumet
  8642 | D:6      | Reached skill level 5 in Fighting
  8722 | D:6      | Found a sand-covered staircase.
  8840 | Ossuary  | Entered an ossuary
  8913 | Ossuary  | Reached skill level 4 in Spellcasting
  9067 | Ossuary  | Reached XP level 9. HP: 21/68 MP: 1/15
  9442 | Ossuary  | Reached skill level 1 in Shields
  9486 | D:6      | Offered knowledge of Hailstorm by Vehumet.
  9504 | D:6      | Learned a level 3 spell: Hailstorm
 10044 | D:7      | Reached *** piety under Vehumet
 10281 | D:7      | Found a staircase to the Ecumenical Temple.
 10326 | Temple   | Entered the Ecumenical Temple
 10706 | D:7      | Found a shimmering blue altar of Sif Muna.
 10919 | D:7      | Learned a level 4 spell: Summon Lightning Spire
 10937 | D:8      | Offered knowledge of Stone Arrow by Vehumet.
 10946 | D:8      | Learned a level 3 spell: Stone Arrow
 11038 | D:8      | Reached skill level 5 in Spellcasting
 11095 | D:8      | Reached skill level 1 in Summonings
 11095 | D:8      | Reached XP level 10. HP: 77/77 MP: 7/17
 11199 | D:8      | Reached skill level 1 in Ice Magic
 11652 | D:9      | Reached **** piety under Vehumet
 11799 | D:9      | Offered knowledge of Flame Wave by Vehumet.
 11819 | D:9      | Noticed a wizard
 11830 | D:9      | Killed a wizard
 11845 | D:9      | Found a white marble altar of Elyvilon.
 11850 | D:9      | Noticed a two-headed ogre
 12075 | D:9      | Noticed a deep elf pyromancer
 12079 | D:9      | Killed a deep elf pyromancer
 12132 | D:9      | Noticed a cyclops
 12134 | D:9      | Reached XP level 11. HP: 84/86 MP: 8/18
 12193 | D:9      | Killed a two-headed ogre
 12194 | D:9      | Reached skill level 5 in Conjurations
 12194 | D:9      | Reached skill level 5 in Summonings
 12194 | D:9      | Reached skill level 10 in Air Magic
 12293 | D:9      | Killed a cyclops
 12344 | D:9      | Found a runed translucent gate.
 12344 | D:9      | Found a runed translucent gate.
 12345 | D:9      | Found a runed translucent gate.
 12345 | D:9      | Noticed a nine-headed hydra
 12345 | D:9      | Noticed hackum's ghost (journeyman FoGl)
 12422 | D:9      | Got the Almanac of Places and the Atmosphere
 12424 | D:9      | Got Nuhonis's Exposition on Deathly Fog
 12429 | D:9      | Learned a level 3 spell: Mephitic Cloud
 12911 | D:9      | Noticed a tengu warrior
 12917 | D:9      | Killed a tengu warrior
 13032 | D:9      | Killed a nine-headed hydra
 13058 | D:9      | Killed hackum's ghost
 13088 | D:10     | Entered Level 10 of the Dungeon
 13162 | D:10     | Found a flagged portal.
 13183 | Bailey   | Entered a bailey
 13255 | Bailey   | Noticed a two-headed ogre
 13261 | Bailey   | Killed a two-headed ogre
 13284 | Bailey   | Reached ***** piety under Vehumet
 13354 | Bailey   | Offered knowledge of Orb of Destruction by Vehumet.
 13374 | Bailey   | Reached skill level 5 in Armour
 13552 | D:10     | Found a staircase to the Lair.
 13581 | D:10     | Reached skill level 5 in Dodging
 13603 | D:10     | Noticed a purple ugly thing
 13609 | D:10     | Killed a purple ugly thing
 13610 | D:10     | Reached skill level 5 in Shields
 13610 | D:10     | Reached XP level 12. HP: 94/94 MP: 5/20
 13614 | D:10     | Reached skill level 5 in Evocations
 13725 | D:10     | Noticed a two-headed ogre
 13728 | D:10     | Killed a two-headed ogre
 13801 | D:10     | Reached skill level 6 in Spellcasting
 14351 | Lair:1   | Entered Level 1 of the Lair of Beasts
 14701 | Lair:1   | Identified a scroll of acquirement
 14702 | Lair:1   | Acquired the +1 pair of boots of Lies {*Corrode +Inv rElec}
 15611 | Lair:2   | Found a transporter.
 15611 | Lair:2   | Noticed a boulder beetle
 15612 | Lair:2   | Found a transporter.
 15612 | Lair:2   | Noticed a boulder beetle
 16040 | Lair:2   | Killed a boulder beetle
 16064 | Lair:2   | Killed a boulder beetle
 16065 | Lair:2   | Reached skill level 10 in Fighting
 16113 | Lair:3   | Reached skill level 7 in Spellcasting
 16150 | Lair:3   | Found a frozen archway.
 16165 | Lair:3   | Offered knowledge of Ozocubu's Refrigeration by Vehumet.
 16181 | Lair:3   | Learned a level 7 spell: Ozocubu's Refrigeration
 16186 | IceCv    | Entered an ice cave
 16297 | Lair:3   | Reached skill level 8 in Spellcasting
 16297 | Lair:3   | Gained mutation: You can hop long distances. [Barachi
                  | growth]
 16297 | Lair:3   | Reached XP level 13. HP: 84/103 MP: 4/25
 16358 | Lair:3   | Found a staircase to the Snake Pit.
 16393 | Lair:3   | Reached skill level 5 in Ice Magic
 16702 | Lair:3   | Found a staircase to the Shoals.
 17448 | Lair:3   | Found a runed translucent door.
 17456 | Lair:3   | Noticed Rupert
 17653 | Lair:4   | Reached skill level 10 in Ice Magic
 18550 | Lair:5   | Entered Level 5 of the Lair of Beasts
 18566 | Lair:5   | Reached XP level 14. HP: 81/110 MP: 13/26
 19045 | Lair:5   | Offered knowledge of Freezing Cloud by Vehumet.
 19053 | Lair:5   | Learned a level 5 spell: Freezing Cloud
 19116 | Lair:5   | Found a runed translucent door.
 19353 | Lair:5   | Found a staircase to the Slime Pits.
 20016 | Lair:5   | Noticed a dire elephant
 20034 | Lair:5   | Killed a dire elephant
 20322 | Lair:5   | Identified the +8 ring mail of the Hidden Vale {rF- rC++}
 20625 | Lair:5   | Reached skill level 9 in Spellcasting
 20795 | Lair:5   | Offered knowledge of Irradiate by Vehumet.
 20803 | Lair:5   | Learned a level 5 spell: Irradiate
 20928 | Lair:5   | Reached skill level 1 in Transmutations
 21163 | Lair:3   | Killed Rupert
 21164 | Lair:3   | Reached skill level 15 in Ice Magic
 21164 | Lair:3   | Reached XP level 15. HP: 119/119 MP: 20/28
 22503 | D:11     | Reached skill level 10 in Spellcasting
 22554 | D:11     | Found a basalt altar of Yredelemnul.
 22562 | D:11     | Reached skill level 5 in Transmutations
 23558 | D:12     | Offered knowledge of Lee's Rapid Deconstruction by Vehumet.
 24364 | D:12     | Found a staircase to the Orcish Mines.
 24437 | Orc:1    | Entered Level 1 of the Orcish Mines
 24955 | Orc:1    | You fall into a shaft and drop 1 floor!
 24955 | Orc:2    | Entered Level 2 of the Orcish Mines
 24955 | Orc:2    | Found Vupn's Antique Armour Shop.
 24967 | Orc:2    | Bought a glowing cloak for 172 gold pieces
 25040 | Orc:2    | Found Vocaseokh's Self-Improvement Boutique.
 25142 | Orc:2    | Found a staircase to the Elven Halls.
 25158 | Orc:2    | Noticed Snorg
 25168 | Orc:2    | Killed Snorg
 25168 | Orc:2    | Reached ****** piety under Vehumet
 25172 | Orc:2    | Found a gate leading to a gauntlet.
 25192 | Gauntlet | Entered a Gauntlet
 25192 | Gauntlet | Found a transporter.
 25194 | Gauntlet | Found a transporter.
 25199 | Gauntlet | Found a transporter.
 25215 | Gauntlet | Found a transporter.
 25216 | Gauntlet | Found a transporter.
 25226 | Gauntlet | Found a transporter.
 25239 | Gauntlet | Found a transporter.
 25252 | Gauntlet | Found a transporter.
 25266 | Gauntlet | Found a transporter.
 25268 | Gauntlet | Found the ring of the Octopus King
 25280 | Gauntlet | Found a transporter.
 25289 | Gauntlet | Found a transporter.
 25291 | Gauntlet | Found a transporter.
 25340 | Gauntlet | Reached XP level 16. HP: 110/128 MP: 8/30
 25387 | Gauntlet | Found a transporter.
 25388 | Gauntlet | Identified the amulet "Basoc" {RegenMP Rampage Will++
                  | Int-3}
 25410 | Gauntlet | Learned a level 5 spell: Lee's Rapid Deconstruction
 25450 | Gauntlet | Identified a ring of the Octopus King {Wiz HP+2 AC+2 EV+2
                  | SH+2}
 25826 | Orc:1    | Offered knowledge of Spellforged Servitor by Vehumet.
 25911 | Orc:2    | Reached skill level 11 in Spellcasting
 25999 | Orc:2    | Noticed Azrael
 26002 | Orc:2    | Killed Azrael
 26194 | Orc:2    | Found Riul's Weapon Shop.
 26224 | Orc:2    | Reached skill level 10 in Dodging
 26288 | Orc:2    | Found Elanomeff's Jewellery Shoppe.
 26290 | Orc:2    | Found Sutri's Antique Weapon Shoppe.
 26302 | Orc:2    | Bought the ring of Liosiuz {rElec rF+ MP+9 Int+3} for 473
                  | gold pieces
 26338 | Orc:2    | Found Qunick's General Store.
 26369 | Orc:2    | Bought a wand of light (4) for 218 gold pieces
 26369 | Orc:2    | Bought the amulet "Hiaposhogu" {RegenMP Drain Fly rCorr}
                  | for 508 gold pieces
 26369 | Orc:2    | Bought a potion of curing for 39 gold pieces
 26641 | Orc:2    | Bought a faintly humming ring mail for 207 gold pieces
 26641 | Orc:2    | Identified the +0 ring mail of Snakes and Ladders {Rampage
                  | *Corrode Str+4} (You bought it in a shop on level 2 of the
                  | Orcish Mines)
 26641 | Orc:2    | Bought a distressingly furry ring mail for 207 gold pieces
 26641 | Orc:2    | Identified the +0 ring mail of the Grinning Gods {rC++
                  | Str+3 Slay+5} (You bought it in a shop on level 2 of the
                  | Orcish Mines)
 26926 | D:13     | Found Zayshe Hal's Jewellery Boutique.
 27298 | D:13     | Identified the ring "Naimeusa" {Fire Str+4 Int-5}
 27456 | D:13     | Found a gate to the Vaults.
 27459 | D:13     | Reached skill level 10 in Transmutations
 28068 | D:14     | Found Coja's Book Shop.
 28457 | D:14     | Found Foygresu's Firing Range.
 28477 | D:14     | Bought a throwing net for 39 gold pieces
 28477 | D:14     | Bought a throwing net for 39 gold pieces
 28477 | D:14     | Bought a throwing net for 39 gold pieces
 28477 | D:14     | Bought a throwing net for 39 gold pieces
 28818 | D:15     | Entered Level 15 of the Dungeon
 29176 | D:15     | Found a staircase to the Depths.
 29189 | D:15     | Found an opulent altar of Gozag.
 29245 | D:15     | Reached skill level 5 in Earth Magic
 29288 | D:15     | Reached skill level 12 in Spellcasting
 29290 | D:15     | Paralysed by an orc sorcerer for 5 turns
 29403 | D:15     | Found an iron altar of Okawaru.
 29793 | Snake:1  | Entered Level 1 of the Snake Pit
 30010 | Snake:1  | Reached XP level 17. HP: 139/139 MP: 18/33
 30022 | Snake:1  | Learned a level 5 spell: Yara's Violent Unravelling
 30423 | Snake:1  | Reached skill level 1 in Hexes
 30908 | Snake:2  | Offered knowledge of Lehudib's Crystal Spear by Vehumet.
 31899 | Snake:2  | Noticed Nikola
 31907 | Snake:2  | Killed Nikola
 32486 | Orc:2    | Bought a manual of Shields for 1200 gold pieces
 32947 | Snake:3  | Found a runed translucent gate.
 32947 | Snake:3  | Found a runed translucent gate.
 32947 | Snake:3  | Found a runed translucent gate.
 32965 | Snake:3  | Found an opulent altar of Gozag.
 32968 | Snake:3  | Noticed steamdo11's ghost (journeyman FeSu)
 32976 | Snake:3  | Found Wottagh's Gadget Gallery.
 33366 | Snake:3  | Noticed Aizul
 33372 | Snake:3  | Killed Aizul
 33375 | Snake:3  | Reached skill level 13 in Spellcasting
 33624 | Snake:3  | Noticed Bai Suzhen
 33645 | Snake:3  | Killed Bai Suzhen
 33761 | Snake:3  | Noticed Donald
 33767 | Snake:3  | Killed Donald
 34448 | Snake:3  | Killed steamdo11's ghost
 34449 | Snake:3  | Offered knowledge of Shatter by Vehumet.
 34449 | Snake:3  | Offered knowledge of Chain Lightning by Vehumet.
 34449 | Snake:3  | Offered knowledge of Polar Vortex by Vehumet.
 34563 | Snake:3  | Reached XP level 18. HP: 147/147 MP: 34/35
 34650 | Snake:4  | Entered Level 4 of the Snake Pit
 35906 | Snake:4  | Learned a level 4 spell: Fulminant Prism
 35999 | Snake:4  | Identified the +9 arbalest "Ussyshro" {freeze, SInv}
 36007 | Snake:4  | Reached skill level 15 in Fighting
 36277 | Snake:4  | Reached skill level 10 in Shields
 36844 | Snake:4  | Reached skill level 14 in Spellcasting
 37000 | Snake:4  | Got a serpentine rune of Zot
 37299 | Shoals:1 | Entered Level 1 of the Shoals
 37669 | Shoals:1 | Reached XP level 19. HP: 156/156 MP: 27/37
 37729 | Shoals:1 | Reached skill level 10 in Conjurations
 37838 | Shoals:1 | Identified the +2 robe of Eqeac {rPois Int+7}
 37845 | Shoals:1 | Learned a level 4 spell: Iskenderun's Mystic Blast
 38792 | Shoals:2 | Found Ishanach's Armour Boutique.
 40423 | Shoals:4 | Entered Level 4 of the Shoals
 40861 | Shoals:4 | Reached skill level 15 in Spellcasting
 41186 | Shoals:4 | Got a barnacled rune of Zot
 41207 | Shoals:4 | Learned a level 2 spell: Passwall
 41283 | Shoals:4 | Identified the +1 great sword "Sastroil" {freeze, rPois}
 41286 | Shoals:4 | Identified the +2 rapier "Mureemil" {pain, Fly rElec Str+3}
 41829 | Elf:1    | Entered Level 1 of the Elven Halls
 41835 | Elf:1    | Reached XP level 20. HP: 164/164 MP: 39/39
 41868 | Elf:1    | Found a crumbling gateway.
 41915 | Desolati | Entered the Desolation of Salt
 42454 | Desolati | Identified the +3 buckler "Jotuod" {rCorr Str+2}
 42458 | Desolati | Got Sif Muna's Elucidation of Ectoplasm and Sparks
 42478 | Desolati | Identified the +5 scale mail of the Lute {Regen+ rCorr
                  | Str+3}
 42779 | Desolati | Identified the staff of cold "Yda Yrr" {rPois rC+}
 42785 | Desolati | Identified the +0 flail "Seudeag" {heavy, Int+2}
 42857 | Desolati | Identified the +3 robe of the Storm King {Will++ Str-5
                  | Int+2}
 43119 | Elf:1    | Reached skill level 15 in Air Magic
 43305 | Elf:1    | Reached skill level 15 in Shields
 43550 | Elf:1    | Paralysed by an air elemental for 1 turns
 43959 | Orc:2    | Bought a faintly glowing short sword for 216 gold pieces
 43959 | Orc:2    | Identified the +0 short sword of Tenacity {antimagic,
                  | +Blink rElec rC++} (You bought it in a shop on level 2 of
                  | the Orcish Mines)
 43964 | Orc:2    | Bought a ring of positive energy for 200 gold pieces
 44287 | Snake:3  | Bought a wand of light (7) for 558 gold pieces
 44287 | Snake:3  | Bought a wand of mindburst (9) for 239 gold pieces
 44688 | Elf:2    | Reached skill level 16 in Spellcasting
 45231 | Elf:2    | Found a runed translucent gate.
 45232 | Elf:2    | Found a runed translucent gate.
 45232 | Elf:2    | Found a runed translucent gate.
 45541 | Elf:1    | Found a radiant altar of Vehumet.
 45603 | Elf:2    | Reached XP level 21. HP: 156/171 MP: 34/41
 46698 | Elf:3    | Entered Level 3 of the Elven Halls
 46755 | Elf:3    | Identified Roxanne's Octavo of Therianthropy
 46755 | Elf:3    | Noticed Roxanne
 46762 | Elf:3    | Killed Roxanne
 47273 | Elf:3    | Reached skill level 15 in Conjurations
 47796 | Elf:3    | Found the +8 whip "Snakebite" {venom, curare, rPois}
 47814 | Elf:3    | Identified the +3 leather armour of Gyaggoab {*Slow rF+
                  | Str+4 Slay+2}
 47814 | Elf:3    | Identified the amulet "Rudo" {Faith rPois Stlth+}
 47870 | Elf:3    | Identified the staff of air "Alouniywk" {rElec rF- Will+
                  | Str+2}
 47921 | Elf:3    | Identified the +3 shortbow "Enyr" {freeze, Str+2}
 47931 | Elf:3    | Identified the +1 buckler "Qumee" {rCorr Slay+3}
 47943 | Elf:3    | Identified the +7 long sword "Apoicse" {heavy, rPois rF+
                  | rC- Str+6}
 48082 | Elf:3    | Learned a level 8 spell: Maxwell's Capacitive Coupling
 48400 | Vaults:1 | Entered Level 1 of the Vaults
 49068 | Vaults:1 | Found Leas's Antique Armour Shop.
 49077 | Vaults:1 | Bought a shiny buckler for 225 gold pieces
 49115 | Vaults:1 | Reached XP level 22. HP: 178/178 MP: 33/42
 50283 | Vaults:2 | Found Tuafa's Book Shoppe.
 50300 | Vaults:2 | Reached skill level 17 in Spellcasting
 50544 | Vaults:2 | Found Iviadypto's Magic Scroll Emporium.
 50554 | Vaults:2 | Bought a scroll of amnesia for 52 gold pieces
 51033 | Vaults:2 | Found Udusuid's Weapon Shoppe.
 51434 | Vaults:2 | Found a staircase to the Crypt.
 51983 | Vaults:3 | Found the +0 mask of the Dragon {Will+ Slay+3 SInv}
 52050 | Vaults:3 | Learned a level 9 spell: Chain Lightning
 52573 | Vaults:3 | Reached XP level 23. HP: 170/184 MP: 35/44
 53110 | Vaults:4 | Reached skill level 18 in Spellcasting
 53125 | Vaults:4 | Learned a level 2 spell: Passwall
 53429 | Vaults:4 | Identified the +3 leather armour of Byxzeagu {rCorr Dex+3
                  | Slay+2}
 53718 | Vaults:4 | Found a runed translucent gate.
 53719 | Vaults:4 | Found a runed translucent gate.
 53719 | Vaults:4 | Found a runed translucent gate.
 53719 | Vaults:4 | Noticed Uhurudgh's ghost (veteran DgEE)
 53719 | Vaults:4 | Noticed Ciq Qara's ghost (veteran GrEE)
 53821 | Vaults:4 | Noticed Margery
 53825 | Vaults:4 | Killed Margery
 54250 | Vaults:4 | Killed Ciq Qara's ghost
 54255 | Vaults:4 | Killed Uhurudgh's ghost
 54712 | Slime:1  | Entered Level 1 of the Pits of Slime
 54833 | Slime:1  | Learned a level 4 spell: Fulminant Prism
 54920 | Slime:3  | You are sucked into a shaft and drop 1 floor!
 55471 | Slime:5  | Entered Level 5 of the Pits of Slime
 55892 | Slime:5  | Noticed the Royal Jelly
 55900 | Slime:5  | Killed the Royal Jelly
 56025 | Slime:5  | Reached XP level 24. HP: 188/195 MP: 32/45
 56066 | Slime:5  | Identified the staff of air "Qegapt" {rElec rC+ rN++}
 56070 | Slime:5  | Identified the staff of cold "Ethro" {rElec rC+}
 56080 | Slime:5  | Identified the ring "Zoesh" {rElec rF- Int+3 Slay+4}
 56099 | Slime:5  | Identified the +3 dagger of Devotion {drain, rElec rPois
                  | rF- rN++}
 56103 | Slime:5  | Got a slimy rune of Zot
 56126 | Slime:5  | Got the Papyrus of Immolation and Energy
 56142 | Slime:5  | Identified the orb of Yesterday {light, rElec rF- Regen+
                  | Str-5}
 56149 | Slime:5  | Identified the ring "Wenas" {Fly rElec rC+++ MP-9 Str-5}
 56152 | Slime:5  | Identified the +5 sling "Vastreni" {flame, Contam Str-2
                  | Dex+6}
 56192 | Slime:5  | Reached skill level 10 in Evocations
 56657 | Depths:1 | Entered Level 1 of the Depths
 57026 | Depths:1 | Found Lily's Jewellery Shop.
 57028 | Depths:1 | Found Neyj's Book Emporium.
 57031 | Depths:1 | Found Upyrgh's Jewellery Shop.
 57115 | Depths:1 | Found a gateway to Hell.
 57173 | Depths:1 | Found a one-way gateway to a ziggurat.
 57274 | Depths:1 | Found a shimmering blue altar of Sif Muna.
 57477 | Depths:2 | Reached skill level 19 in Spellcasting
 57629 | Depths:2 | Found Zoth's Book Shop.
 57756 | Depths:2 | Found Qoinucy's Book Emporium.
 57757 | Depths:2 | Found Ececheymn's Antique Weapon Shoppe.
 57798 | Depths:2 | Found a one-way gate leading to the halls of Pandemonium.
 58344 | Depths:2 | Acquired an Everburning Encyclopedia
 58437 | Depths:2 | Found a one-way gate to the infinite horrors of the Abyss.
 58684 | Depths:2 | Acquired 1204 gold pieces
 58866 | Depths:3 | Identified the +11 rapier of Yseis {heavy, rElec rF- MP+9
                  | Int-4}
 59020 | Depths:3 | Noticed a juggernaut
 59024 | Depths:3 | Killed a juggernaut
 59260 | Depths:3 | Reached XP level 25. HP: 206/206 MP: 40/46
 59656 | Depths:3 | Found an iron altar of Okawaru.
 59983 | Depths:4 | Entered Level 4 of the Depths
 60018 | Depths:4 | Reached skill level 20 in Spellcasting
 60502 | Depths:4 | Noticed a juggernaut
 60509 | Depths:4 | Killed a juggernaut
 60625 | Depths:4 | Found Osery's Antique Armour Boutique.
 60850 | Depths:4 | Found a gate to the Realm of Zot.
 60959 | Zot:1    | Entered Level 1 of the Realm of Zot
 61049 | Zot:1    | Reached skill level 21 in Spellcasting
 61481 | Zot:1    | Noticed an orb of fire
 61481 | Zot:1    | Noticed an ancient lich
 61484 | Zot:1    | Killed an ancient lich
 61488 | Zot:1    | Killed an orb of fire
 61489 | Zot:1    | Reached skill level 22 in Spellcasting
 61845 | Zot:1    | Noticed Grunn
 61847 | Zot:1    | Reached XP level 26. HP: 154/218 MP: 45/49
 61852 | Zot:1    | Killed Grunn
 62251 | Zot:1    | Reached skill level 23 in Spellcasting
 62872 | Zot:2    | Noticed a Killer Klown
 62877 | Zot:2    | Killed a Killer Klown
 63617 | Zot:2    | Noticed Vv
 63622 | Zot:2    | Killed Vv
 63623 | Zot:2    | Reached skill level 24 in Spellcasting
 64462 | Zot:3    | Found a runed translucent gate.
 64463 | Zot:3    | Noticed Joddies's ghost (legendary TeRe)
 64463 | Zot:3    | Noticed an ancient lich
 64465 | Zot:3    | Found a runed translucent gate.
 64466 | Zot:3    | Found a runed translucent gate.
 65121 | Zot:3    | Reached skill level 25 in Spellcasting
 65721 | Zot:3    | Killed Joddies's ghost
 65722 | Zot:3    | Killed an ancient lich
 65736 | Zot:3    | Identified the ring "Kinaotru" {rPois rF- Str+2 Dex+6}
 65806 | Zot:4    | Reached XP level 27. HP: 171/224 MP: 24/52
 66036 | Zot:4    | Identified the +2 robe of Fanaticism {rC+ Regen+}
 66057 | Zot:4    | Reached skill level 26 in Spellcasting
 66253 | Zot:4    | Noticed an ancient lich
 66260 | Zot:4    | Found a transporter.
 66263 | Zot:4    | Noticed a dread lich
 66295 | Zot:4    | Found a transporter.
 66332 | Zot:4    | Noticed emiel's ghost (veteran MiAr)
 66683 | Zot:4    | Learned a level 9 spell: Polar Vortex
 66706 | Zot:4    | Killed an ancient lich
 66708 | Zot:4    | Killed emiel's ghost
 66708 | Zot:4    | Killed a dread lich
 66801 | Zot:4    | Identified the amulet of Zachick {Acrobat rElec rF+ rC+
                  | Dex-4}
 67137 | Depths:1 | Bought a manual of Stealth for 1040 gold pieces
 67371 | Zot:5    | Entered Level 5 of the Realm of Zot
 67422 | Zot:5    | Reached skill level 27 in Spellcasting
 67489 | Zot:5    | Reached skill level 10 in Armour
 67509 | Zot:5    | Found the +4 dragonskin cloak
 67509 | Zot:5    | Noticed Tiamat
 67686 | Zot:4    | Killed Tiamat
 67991 | Zot:5    | Reached skill level 5 in Stealth
 68217 | Zot:5    | Noticed an orb of fire
 68222 | Zot:5    | Killed an orb of fire
 68311 | Zot:5    | Noticed an ancient lich
 68316 | Zot:5    | Killed an ancient lich
 68325 | Zot:5    | Noticed an ancient lich
 68329 | Zot:5    | Killed an ancient lich
 68637 | Zot:5    | Noticed an ancient lich
 68639 | Zot:5    | Killed an ancient lich
 68644 | Zot:5    | Noticed an orb of fire
 68646 | Zot:5    | Gained mutation: You are vulnerable to heat. (rF-) [an orb
                  | of fire]
 68648 | Zot:5    | Killed an orb of fire
 68760 | Zot:5    | Noticed an orb of fire
 68761 | Zot:5    | Identified the +5 long sword "Vumaf" {freeze, +Blink rF+++
                  | rC+ Str-2}
 68765 | Zot:5    | Gained mutation: Your system is resistant to poisons.
                  | (rPois) [an orb of fire]
 68768 | Zot:5    | Killed an orb of fire
 68990 | Zot:5    | Lost mutation: You are vulnerable to heat. (rF-) [potion of
                  | mutation]
 68990 | Zot:5    | Lost mutation: Your system is resistant to poisons. (rPois)
                  | [potion of mutation]
 68990 | Zot:5    | Gained mutation: Your system is resistant to poisons.
                  | (rPois) [potion of mutation]
 68990 | Zot:5    | Gained mutation: You are dopey. (Int -2) [potion of
                  | mutation]
 68990 | Zot:5    | Gained mutation: You passively map a small area around you.
                  | [potion of mutation]
 68997 | Zot:5    | Got the Orb of Zot
 69221 | Depths:3 | Reached skill level 10 in Stealth
 69400 | D:10     | Noticed Elamuow the pandemonium lord
 69403 | D:10     | Killed Elamuow the pandemonium lord
 69648 | D:$      | Escaped with the Orb!

Illustrated notes

Levels and vault maps discovered:
D:1:      nzn_arrival_settlement, layout_basic, kennysheep_boxes
D:2:      layout_loops_ring
D:3:      layout_rooms, mainiacjoe_overflow_catch_the_wave,
          gammafunk_ghost_cemetery, uniq_sigmund
D:4:      layout_layer_cave, minmay_misc_feat_secret_circle, fountainhead,
          minmay_box_of_dots
D:5:      lemuel_insect_pit, layout_rooms, bloody_makhleb,
          nicolae_qazlal_general_emergency, old_standard_altar,
          dreamdust_mushroom_princess
D:6:      layout_basic, nicolae_ossuary_entry_false_entrances
D:7:      layout_basic, lemuel_doored_altar, minmay_temple_entry_statues_pillars
D:8:      layout_cave_pools
D:9:      minmay_the_grid_square_5x5_3x3 [minmay_the_grid_square_5x5_two,
          minmay_the_grid_square_5x5_tetrominoes,
          minmay_the_grid_square_5x5_one_wall,
          minmay_the_grid_square_5x5_inner_z,
          minmay_the_grid_square_5x5_megaprize_checkered,
          minmay_the_grid_square_5x5_comb, minmay_the_grid_square_5x5_two_small,
          minmay_the_grid_square_5x5_six, minmay_the_grid_square_5x5_bridge],
          layout_stronghold, elyvilon_altar_5, gammafunk_ghost_hydra_chop,
          minmay_misc_feat_roman
D:10:     hangedman_cross_stitches, layout_cave_pods,
          grunt_lair_entry_orc_guard_hut, enter_bailey_7
D:11:     lemuel_vampire_tower, layout_basic, st_stairs_1,
          kennysheep_island_fort
D:12:     layout_roguey, erik_orc_1, serial_bayou, serial_bayou_pond_b,
          serial_bayou_pond_b, serial_bayou_lagoon_a, serial_bayou_crossing,
          einodemon_armed_red_devil_minivault
D:13:     layout_basic, david_vaults_5, serial_shops, nicolae_stop_n_shop_2,
          nicolae_wwwww
D:14:     layout_loops_cross, serial_shops, kennysheep_mini_moat,
          nicolae_shop_firing_range
D:15:     grunt_enter_depths_magical_seal, layout_rooms,
          minmay_misc_feat_plants, hangedman_feature_mirror
Temple:   bh_familiar_temple
Lair:1:   layout_hall_layers, beast_lair_carwin_5, serial_bayou_shore_a,
          infiniplex_staircase_pool
Lair:2:   gammafunk_boulding_lane, layout_chaotic_city, grunt_megastairs_1,
          serial_bayou_shore_b
Lair:3:   layout_regular_city, nicolae_shoals_entry_roost,
          nicolae_snake_entry_warm_welcome, serial_forest,
          infiniplex_forest_clump_diagonal, infiniplex_forest_clump_cross,
          infiniplex_forest_end_3, infiniplex_forest_lined_room_2,
          infiniplex_forest_lined_room_, portal_ice_cave_entry_imps,
          pdpol_lair_cabin_in_the_woods
Lair:4:   beast_lair_carwin_large_1, layout_regular_city,
          chequers_serial_rivers_micro_e, st_stairs_11,
          chequers_serial_rivers_micro_b
Lair:5:   hangedman_lair_caniforms_friends, layout_regular_city, wormcave,
          slime_entry_1, infiniplex_staircase_pool_2
Shoals:1: layout_shoals, nicolae_shoals_cliffside_cave,
          nicolae_shoals_lost_giant_hut
Shoals:2: layout_shoals, serial_shops, nicolae_stop_n_shop_2, abandoned_shop
Shoals:3: cheibrodos_shoals_roost, layout_shoals, nicolae_shoals_bring_sunscreen
Shoals:4: shoals_end_hellmonk_lost_city
Snake:1:  layout_basic, nicolae_snake_springs
Snake:2:  layout_concentric_octagons, nicolae_snake_ghostly_warrior_ritual,
          uniq_nikola
Snake:3:  nicolae_snake_nest, layout_chambers, ebering_ghost_gozag,
          nicolae_shop_gadgets, uniq_bai_suzhen, uniq_donald, uniq_aizul
Snake:4:  grunt_snake_rune_spirals, layout_onion, guppyfry_snake_island
Slime:1:  layout_caves, nicolae_slime_barrier,
          cheibrodos_slime_lost_civilization_6
Slime:2:  layout_caves
Slime:3:  layout_caves, basic_altar
Slime:4:  cheibrodos_slime_lost_civilization_1, layout_caves,
          cheibrodos_slime_lost_civilization_4
Slime:5
Orc:1:    layout_diamond_mine, nooodl_orcs_dogs
Orc:2:    hellmonk_orc_salted, layout_caves, gauntlet_entry_generic,
          serial_shops, nicolae_shop_waterfront, nicolae_shop_self_help,
          uniq_azrael, uniq_snorg
Elf:1:    eino_elf_arrival_shootout, layout_geoelf_octagon,
          portal_desolation_entry_nicolae_menacing_earthworks, minivault_28,
          lemuel_upstairs_altar
Elf:2:    nicolae_elf_blades_crystal_corner, layout_onion_city
Elf:3:    elf_hall, layout_loops_corners, uniq_roxanne
Vaults:1: ontoclasm_vaults_chip, hangedman_vaults_cutoff, v_rooms_5,
          serial_ice_m, st_lines, v_pattern_4, ontoclasm_vaults_ligature,
          nicolae_vaults_diagonal_hallway_8, v_misc_11,
          vaults_standard_mumra_lines, nicolae_vaults_little_squares_3,
          vaults_dpeg_emergency_exit, layout_vaults_omnicross, serial_shops,
          shop
Vaults:2: minmay_crypt_entry_simple_plaza, grunt_vaults_twisty, v_misc_9,
          hangedman_vaults_stagger, nicolae_vaults_statue_guard,
          nicolae_vaults_alarming, v_misc_16, v_misc_30, v_misc_19,
          layout_vaults_omnibox, serial_shops, shop,
          nicolae_shop_advertising_works [nicolae_subvault_shop_adworks],
          nicolae_shop_trees
Vaults:3: st_octagons_2, v_misc_22, nicolae_vaults_angled_halls,
          vaults_room_door_hall, hangedman_vaults_snaps,
          nicolae_vaults_stairing_the_circle, hangedman_vaults_river_flow,
          layout_vaults_maze
Vaults:4: gammafunk_ghost_cemetery, vaults_room_door_hall,
          hangedman_vaults_cutoff, nicolae_vaults_little_squares_6,
          vaults_room_hallway, ontoclasm_vaults_chip,
          nicolae_vaults_ring_of_whatevers, nicolae_vaults_little_squares_3,
          vaults_dpeg_hooks, layout_vaults_quadrants, uniq_margery
Depths:1: layout_cave_pools, enter_ziggurat_e, hell_entry,
          nicolae_sif_muna_condensation, infiniplex_staircase_pool_lava,
          grunt_megastairs_4, minmay_shop_grove
Depths:2: minmay_box_of_statues, layout_gridville, serial_shops, shop,
          pan_entry, hangedman_abyss_entry_splay, lightli_too_deep,
          infiniplex_staircase_zigzag_2, firewood_loft, minmay_shoptagon
Depths:3: nicolae_legendary_halls, layout_twisted_cross, abyss_entry_crystal,
          hangedman_coc_ice_floe, rand_demon_pan_entry_5,
          hangedman_decor_opposing, hellmonk_okawaru_the_only_friend_you_need
Depths:4: evilmike_zot_entry_diamond, layout_gridville, grunt_hell_entry_dis_mu,
          serial_shops, shop_statue, nrook_mini_backslash, eino_tiny_chamber,
          serial_bayou_shore_b
Zot:1:    grunt_deathspiral_small, layout_onion, kennysheep_underground_church,
          uniq_grunn
Zot:2:    layout_gridlike, skrybe_zot_glass_1, grunt_megastairs_3, uniq_vv
Zot:3:    layout_basic, gammafunk_ghost_necromancy, grunt_megastairs_2
Zot:4:    layout_misc_corridors, gammafunk_ghost_abyssal_escape,
          skrybe_zot_glass_3, grunt_megastairs_5
Zot:5:    layout_onion, grunt_ministairs_8, uniq_tiamat

Skill      XL: |  1  2  3  4  5  6  7  8  9 10 11 12 13 14 15 16 17 18 19 20 21 22 23 24 25 26 27 |
---------------+----------------------------------------------------------------------------------+-----
Stealth        | 2 3 10 | 10.7
Fighting       | 1 2 3 4 5 6 8 10 11 12 14 15 16 17 18 20 21 | 21.4
Conjurations   | 2 4 6 8 9 11 14 16 18 19 20 | 20.0
Air Magic      | 4 5 6 7 8 9 10 11 13 14 16 18 19 20 21 22 | 22.0
Armour         | 1 2 4 5 6 8 9 12 | 12.0
Spellcasting   | 3 4 5 8 9 10 12 13 14 15 16 17 18 19 22 25 27 | 27.0
Earth Magic    | 2 3 4 5 6 |  6.0
Evocations     | 2 3 4 6 8 9 10 12 | 12.6
Short Blades   | 3 4 |  4.0
Shields        | 2 4 5 6 7 11 14 15 18 | 18.2
Dodging        | 3 4 5 6 8 9 10 12 13 | 13.4
Summonings     | 1 4 6 8 |  8.0
Ice Magic      | 4 12 15 16 | 16.0
Transmutations | 2 7 10 | 10.0
Hexes          | 3 |  3.0

Action                     |  1- 3 |  4- 6 |  7- 9 | 10-12 | 13-15 | 16-18 | 19-21 | 22-24 | 25-27 || total
---------------------------+-------+-------+-------+-------+-------+-------+-------+-------+-------++-------
  Melee: Unarmed           |     4 |       |       |       |       |       |       |       |       ||     4
         Dagger            |    10 |       |       |       |       |    24 |       |       |       ||    34
         Short sword       |     3 |       |       |       |       |       |       |       |       ||     3
         Whip              |       |     4 |       |       |       |       |       |       |       ||     4
         Rapier            |       |    15 |    67 |   118 |   163 |     7 |     9 |     1 |       ||   380
         Punch             |       |       |     2 |       |       |       |       |       |       ||     2
         Staff             |       |       |       |       |       |     4 |       |     1 |     1 ||     6
  Throw: Stone             |     1 |       |       |       |       |       |       |       |       ||     1
         Dart              |       |       |    26 |    32 |    12 |       |     5 |       |       ||    75
         Throwing net      |       |       |       |       |     1 |       |       |       |       ||     1
   Cast: Shock             |    85 |    91 |    77 |       |       |       |       |       |       ||   253
         Static Discharge  |     2 |    10 |    30 |       |       |       |       |       |       ||    42
         Airstrike         |       |       |    45 |   166 |   272 |   167 |   213 |   142 |    92 ||  1097
         Sandblast         |       |       |    35 |       |       |       |       |       |       ||    35
         Hailstorm         |       |       |     4 |     2 |     7 |       |       |       |       ||    13
         Stone Arrow       |       |       |       |    58 |   201 |   136 |    55 |    41 |       ||   491
         Summon Lightning  |       |       |       |    39 |   113 |    17 |    15 |     3 |     2 ||   189
         Mephitic Cloud    |       |       |       |     9 |    18 |     2 |       |       |       ||    29
         Freezing Cloud    |       |       |       |       |    52 |   107 |    47 |    16 |       ||   222
         Ozocubu's Refrige |       |       |       |       |    19 |   247 |   265 |   213 |    41 ||   785
         Irradiate         |       |       |       |       |    11 |    38 |    19 |    17 |    10 ||    95
         Lee's Rapid Decon |       |       |       |       |       |    11 |    23 |    19 |     5 ||    58
         Yara's Violent Un |       |       |       |       |       |    19 |    34 |     2 |     1 ||    56
         Fulminant Prism   |       |       |       |       |       |     1 |     6 |     2 |     2 ||    11
         Iskenderun's Myst |       |       |       |       |       |       |    11 |     3 |     9 ||    23
         Maxwell's Capacit |       |       |       |       |       |       |     2 |    93 |   171 ||   266
         Chain Lightning   |       |       |       |       |       |       |       |   105 |   169 ||   274
Ability: Hop               |     4 |     5 |     6 |     5 |    11 |    10 |     4 |     5 |     7 ||    57
  Evoke: Wand              |       |       |     8 |     5 |    19 |     6 |    21 |    13 |    27 ||    99
         Phantom mirror    |       |       |       |       |     1 |     1 |       |       |       ||     2
         Phial of floods   |       |       |       |       |       |     2 |       |       |       ||     2
         Lightning rod     |       |       |       |       |       |       |     5 |       |       ||     5
         Condenser vane    |       |       |       |       |       |       |     1 |     2 |       ||     3
         Tin of tremorston |       |       |       |       |       |       |       |     2 |       ||     2
         Box of beasts     |       |       |       |       |       |       |       |       |     1 ||     1
    Use: Scroll            |     2 |     6 |    12 |    10 |     7 |     7 |     6 |     7 |    14 ||    71
         Potion            |     1 |     1 |       |     3 |     1 |       |     6 |     1 |    18 ||    31
   Stab: Sleeping          |       |     1 |     1 |       |     2 |       |       |       |       ||     4
         Invisible         |       |       |       |     2 |       |       |       |       |       ||     2
         Distracted        |       |       |       |     4 |     1 |       |       |       |       ||     5
         Confused          |       |       |       |       |     5 |       |       |       |       ||     5
 Armour: Robe              |    16 |       |       |       |       |       |     5 |    37 |    25 ||    83
         Leather armour    |       |    18 |    71 |    62 |   133 |    60 |    19 |       |       ||   363
         Skin              |       |       |       |       |       |       |       |       |    11 ||    11
  Dodge: Dodged            |    13 |    32 |    71 |    75 |   147 |   127 |    72 |    97 |    95 ||   729
  Block: Buckler           |       |       |    11 |    37 |    78 |    40 |       |    51 |     1 ||   218
         Kite shield       |       |       |       |       |       |    48 |    88 |    65 |    68 ||   269

Table legend: (Time is in decaauts)
 A = Elapsed time spent in this place.
 B = Non-inter-level travel time spent in this place.
 C = Inter-level travel time spent in this place.
 D = Time resting spent in this place.
 E = Time spent auto-exploring this place.
 F = Levels seen in this place.
 G = Mean time per level.
                   A        B        C        D        E       F      G
               +--------+--------+--------+--------+--------+-----+--------+
         Total |  77790 |  67592 |  10198 |  13304 |  34288 |  57 | 1364.7 |
       Dungeon |  24282 |  19754 |   4528 |   3736 |   8187 |  15 | 1618.8 |
        Temple |      1 |      1 |      0 |      0 |      0 |   1 |    1.0 |
          Lair |   8378 |   7164 |   1214 |    930 |   4496 |   5 | 1675.6 |
        Shoals |   4727 |   4566 |    161 |    429 |   3392 |   4 | 1181.8 |
     Snake Pit |   7794 |   7034 |    760 |   1445 |   4053 |   4 | 1948.5 |
    Slime Pits |   1566 |   1515 |     51 |    739 |     26 |   5 |  313.2 |
  Orcish Mines |   2784 |   1923 |    861 |    245 |   1030 |   2 | 1392.0 |
   Elven Halls |   4636 |   4069 |    567 |    639 |   2430 |   3 | 1545.3 |
        Vaults |   6972 |   6471 |    501 |    999 |   4157 |   4 | 1743.0 |
        Depths |   5177 |   4561 |    616 |   1010 |   2568 |   4 | 1294.2 |
           Zot |   8667 |   7733 |    934 |   2115 |   3735 |   5 | 1733.4 |
       Ossuary |    651 |    651 |      0 |    380 |      0 |   1 |  651.0 |
        Bailey |    336 |    336 |      0 |     94 |     10 |   1 |  336.0 |
      Ice Cave |     90 |     90 |      0 |     15 |      0 |   1 |   90.0 |
    Desolation |   1200 |   1200 |      0 |    340 |    190 |   1 | 1200.0 |
      Gauntlet |    522 |    522 |      0 |    186 |     10 |   1 |  522.0 |
               +--------+--------+--------+--------+--------+-----+--------+

Top non-repeatable levels by time:
     D:2: 3337 daAuts
 Snake:4: 2768 daAuts
  Lair:5: 2537 daAuts
    D:12: 2466 daAuts
   Zot:3: 2379 daAuts
     D:1: 2167 daAuts
   Zot:1: 2156 daAuts
  Lair:3: 2144 daAuts
 Snake:3: 2095 daAuts
    D:11: 2094 daAuts
Vaults:1: 1997 daAuts
 Snake:2: 1799 daAuts
    D:10: 1748 daAuts
Vaults:3: 1707 daAuts
Vaults:2: 1687 daAuts
